 Dungeon Crawl Stone Soup version 0.24.0-123-gd5b16e6ec5 (webtiles) character file.

Game seed: 7991948943212066035, levelgen mode: deterministic

120 brucemayne the Chopper (level 5, -2/45 HPs)
             Began as a Hill Orc Monk on Jan 26, 2020.
             Killed from afar by Blork the orc (10 damage)
             ... with a puff of frost
             ... on level 4 of the Dungeon.
             The game lasted 00:04:11 (1077 turns).

brucemayne the Chopper (Hill Orc Monk)              Turns: 1077, Time: 00:04:11

Health: -2/45      AC:  5    Str: 15    XL:     5   Next: 4%
Magic:  5/5        EV: 11    Int: 10    God:
Gold:   171        SH:  0    Dex: 13    Spells: 4/4 levels left

rFire    . . .     SeeInvis .   a - +0 hand axe
rCold    . . .     Gourm    .   (no shield)
rNeg     . . .     Faith    .   l - +0 ring mail
rPois    .         Spirit   .   (no helmet)
rElec    .         Reflect  .   (no cloak)
rCorr    .         Harm     .   (no gloves)
MR       .....                  (no boots)
Stlth    +.........             (no amulet)
HPRegen  0.15/turn              (no ring)
MPRegen  0.09/turn              (no ring)

@: no status effects
A: no striking features
a: no special abilities


You were on level 4 of the Dungeon.
You were not hungry.

You visited 1 branch of the dungeon, and saw 4 of its levels.

You collected 171 gold pieces.

Inventory:

Hand Weapons
 a - a +0 hand axe (weapon)
Armour
 b - a +0 robe
 d - a +0 ring mail
 l - a +0 ring mail (worn)
 o - a +0 scale mail
Scrolls
 e - a scroll of magic mapping {unknown}
 f - a scroll of teleportation {unknown}
 g - 3 scrolls of identify {unknown}
 i - a scroll of immolation {unknown}
 j - a scroll of random uselessness {unknown}
 k - 4 scrolls of remove curse {unknown}
 m - a scroll of fog {unknown}
 n - 2 scrolls of blinking {unknown}
Potions
 h - a potion of lignification {unknown}
Comestibles
 c - 6 rations


   Skills:
 - Level 3.6 Fighting
 + Level 7.3 Axes
 - Level 2.4 Dodging
 - Level 1.5 Stealth


You had 4 spell levels left.
You didn't know any spells.
Your spell library was empty.

Dungeon Overview and Level Annotations

Branches:
Dungeon (4/15)
 Temple: D:4-7

Altars:
Elyvilon

Annotations:
D:4 Blork the orc


Message History

c - 6 rations (gained 1)
There are no items here.
A jackal and Blork the orc come into view.
Blork the orc shouts!
The jackal barks!
You hear a shout!
Found 6 gold pieces and a scroll labeled DOH REGHITIQ QEI.
Unknown command.
You aren't carrying any items that you can evoke.
Unknown command.
Blork the orc casts a spell.
Blork the orc seems to speed up.
A jackal comes into view.
An orc comes into view. It is wielding a +0 falchion.
Blork the orc looks encouraged for a moment.
Blork the orc casts a spell at you. The puff of flame hits you.
* * * LOW HITPOINT WARNING * * *
You feel a little less mighty now.
Blork the orc points at you and mumbles some strange words.
The puff of frost hits you!
You die...

#.....#.. .o.
#...>.......
........#.#####
#....h.........
#.<....o#
####..#.###
#..h...#
#..#.#.#####.#..#
#..#.@..........#
#. #..<#####.....
?. #...# ... .#
#.... # ..
...###. ...# #>
#..# #. #.. .. #.
..


You could see Blork the orc and a jackal.

Vanquished Creatures
  An orc wizard (D:3)
  Jessica (D:2)
  An adder (D:2)
  A dart slug (D:1)
  4 orcs (D:3)
  A giant cockroach (D:3)
  5 goblins
  8 hobgoblins
  7 jackals
  5 kobolds
  A quokka (D:2)
  3 bats
  6 frilled lizards
  6 rats
50 creatures vanquished.

Notes
Turn   | Place    | Note
-------+----------+-------------------------------------------
     0 | D:1      | brucemayne the Hill Orc Monk began the quest for the Orb.
     0 | D:1      | Reached XP level 1. HP: 19/19 MP: 1/1
    88 | D:1      | Reached XP level 2. HP: 4/26 MP: 2/2
   239 | D:1      | Reached skill level 5 in Axes
   441 | D:2      | Reached XP level 3. HP: 16/31 MP: 3/3
   618 | D:2      | Found a white marble altar of Elyvilon.
   740 | D:2      | Reached skill level 6 in Axes
   866 | D:2      | Noticed Jessica
   874 | D:2      | Killed Jessica
   874 | D:2      | Reached XP level 4. HP: 33/39 MP: 4/4
  1012 | D:3      | Reached skill level 7 in Axes
  1014 | D:3      | Reached XP level 5. HP: 4/45 MP: 5/5
  1072 | D:4      | Noticed Blork the orc
  1077 | D:4      | Killed from afar by Blork the orc

Levels and vault maps discovered:
D:1:      lordsloth_arrival_two_stooges, layout_basic
D:2:      layout_basic, nicolae_overflow_crystal_walls, uniq_jessica
D:3:      layout_loops_ring, minmay_vboxes
D:4:      layout_loops_ring, kennysheep_slug_shrine, uniq_blork_the_orc,
          uniq_eustachio

Skill      XL: |  1  2  3  4 |
---------------+-------------+-----
Axes           | 5 6 7 |  7.3
Fighting       | |  3.6
Dodging        | |  2.4
Stealth        | |  1.5

Action                   |  1- 3 |  4- 6 || total
-------------------------+-------+-------++-------
Melee: Hand axe          |   116 |    43 ||   159
  Use: Potion            |       |     1 ||     1
  Eat: Chunk             |       |     1 ||     1
Armor: Robe              |     4 |       ||     4
       Ring mail         |    17 |    20 ||    37
Dodge: Dodged            |    66 |    22 ||    88
